AoeStats
← blabla

Lombardia

507196834Analyzed
3v3 RM · 14d ago on Sep 17, 2026· 21m 37s· 6 players
Game mode
Random Map
Map size
Normal (6 player)
Population
200
Speed
Normal
Resources
Standard
Victory
Conquest
Starting age
Dark Age
Ending age
Imperial Age
RankedLock teamsTeams togetherTeam positionsShared explorationLock speedFull tech treeHidden civsTurbo modeCheats
Victory
Defeat
🇧🇷 Khmer · Brazil
1518
+11
🇲🇽 Mongols · Mexico
1485
+13
1451
+14
🇦🇷 Britons · Argentina
1425
-13
🇦🇷 Saracens · Argentina
1423
-13
🇦🇷 Huns · Argentina
1392
-12
Rey Escorpion
5:46 Loom
8:50 Feudal Age
12:28 Fletching
12:39 Padded Archer Armor
blabla
6:24 Loom
6:50 Loom
9:36 Feudal Age
11:38 Double-Bit Axe
16:32 Scale Barding Armor
Michael J. Saylor
7:01 Loom
9:37 Feudal Age
10:09 Double-Bit Axe
18:40 Scale Barding Armor
19:06 Forging
Marvin Saturnino
5:47 Loom
8:20 Feudal Age
8:57 Double-Bit Axe
11:05 Forging
13:46 Town Watch
14:13 Horse Collar
15:43 Scale Barding Armor
17:59 Bloodlines
22:11 Castle Age
GAX | This Game Isnt Fun
5:23 Loom
9:44 Feudal Age
10:37 Horse Collar
11:12 Double-Bit Axe
17:27 Wheelbarrow
20:04 Gold Mining
23:29 Castle Age
21:48 Bloodlines
21:49 Scale Barding Armor
21:54 Forging
GAX | ERV
6:40 Loom
8:53 Feudal Age
10:02 Double-Bit Axe
12:30 Fletching
14:47 Horse Collar
16:12 Padded Archer Armor
17:37 Wheelbarrow
17:47 Gold Mining
22:50 Castle Age
21:53 Stone Mining
Connection lost

Rejoining the realm…

Still unreachable

The connection could not be restored.

Session expired

The server has moved on; the page needs a fresh start.